 Dungeon Crawl Stone Soup version 0.30-a0-159-g068b764562 (webtiles) character file.

Game seed: 16107882831704335327

12 ryw the Trooper (level 2, -3/25 HPs)
             Began as a Demonspawn Monk on Sept 27, 2022.
             Slain by Terence
             ... wielding a +0 flail
              (9 damage)
             ... on level 2 of the Dungeon.
             The game lasted 00:01:26 (1069 turns).

ryw the Trooper (Demonspawn Monk)                   Turns: 1069, Time: 00:01:27

Health: -3/25      AC:  3    Str:  9 (11) XL:     2   Next: 20%
Magic:  2/2        EV: 12    Int:  9 (11) God:
Gold:   96         SH:  0    Dex: 14 (15) Spells: 1/1 levels left

rFire   . . .      SeeInvis .      - Unarmed
rCold   . . .      Faith    .    (no shield)
rNeg    . . .      Spirit   .    c - +0 leather armour
rPois   .          Reflect  .    (no helmet)
rElec   .          Harm     .    (no cloak)
rCorr   .          Rampage  .    (no gloves)
Will    .....                    (no boots)
Stlth   ++........               (no amulet)
HPRegen 0.08/turn                (no ring)
MPRegen 0.08/turn                (no ring)

@: brilliant, flying
A: spiny 1
a: no special abilities


You were on level 2 of the Dungeon.
You visited 1 branch of the dungeon, and saw 2 of its levels.

You collected 96 gold pieces.

Inventory:

Hand Weapons
 j - a +0 sling
Missiles
 l - 7 stones (quivered)
Armour
 c - a +0 leather armour (worn)
Magical Staves
 h - a staff of death
Jewellery
 k - a ring of wizardry
Scrolls
 a - a scroll of amnesia {unknown}
 f - a scroll of identify {unknown}
Potions
 b - a potion of ambrosia
 d - a potion of flight
 i - a potion of degeneration


   Skills:
 + Level 3.7 Fighting
 - Level 2.6 Dodging
 - Level 1.7 Stealth
 - Level 2.6 Unarmed Combat


You had one spell level left.
You didn't know any spells.
Your spell library contained the following spells:

 Spells                   Type           Power      Damage    Failure   Level
 Sandblast                Erth           0%         2d4       50%         1
 Passwall                 Tmut/Erth      0%         N/A       65%         2
 Stone Arrow              Conj/Erth      0%         3d7       86%         3


Dungeon Overview and Level Annotations

Branches:
Dungeon (2/15)

Altars:

Annotations:
D:2 Terence


Innate Abilities, Weirdness & Mutations

You are partially covered in sharp spines.


Message History

You see here a +0 spear.
Found a stone staircase leading down.
Terence the Incautious comes into view.
He is wielding a +0 flail and wearing a +1 chain mail of cold resistance.
Terence shouts!
It was a potion of brilliance.
You feel clever all of a sudden. Terence misses you.
It was a potion of heal wounds.
You feel much better. Terence barely misses you.
It was a potion of flight.
You feel very buoyant.
You fly up into the air.
Terence closely misses you.
It was a potion of degeneration.
There was something very wrong with that liquid.
You feel weakened.
You feel dopey.
You feel clumsy. Terence hits you with a +0 flail.
You barely miss Terence. Terence hits you with a +0 flail!
You closely miss Terence. You hit Terence.
Terence is lightly wounded.
Terence is struck by your spines. Terence hits you with a +0 flail.
You barely miss Terence.
Terence is lightly wounded.
Terence hits you with a +0 flail.
* * * LOW HITPOINT WARNING * * *
You closely miss Terence.
Terence is lightly wounded.
Terence closely misses you.
You don't know any spells.
Unknown command.
Unknown command.
Okay, then.
Terence attacks as you move away! Terence barely misses you.
Terence attacks as you move away! Terence misses you.
Terence attacks as you move away! Terence barely misses you.
Terence attacks as you move away! Terence closely misses you.
Terence attacks as you move away! Terence closely misses you.
Terence attacks as you move away! Terence closely misses you.
Terence attacks as you move away! Terence hits you with a +0 flail!
You die...

...............
######..####.#
#.............
#.####.#####.#
#....)...#
#.##.###.#
#......# #
#...@#.#
#.#..#@#.#
#...##.#.#
#.#......#
...#...<#.# #..
######## .


You could see Terence.

Vanquished Creatures
  A dart slug (D:1)
  4 ball pythons (D:1)
  3 frilled lizards (D:1)
  A goblin (D:1)
  A kobold (D:1)
  3 rats (D:1)
13 creatures vanquished.

Notes
Turn   | Place    | Note
-------+----------+-------------------------------------------
     0 | D:1      | ryw the Demonspawn Monk began the quest for the Orb.
     0 | D:1      | Reached XP level 1. HP: 18/18 MP: 1/1
   395 | D:1      | Gained mutation: You are partially covered in sharp spines.
                  | [demonic ancestry]
   395 | D:1      | Reached XP level 2. HP: 24/24 MP: 2/2
   445 | D:1      | Found a faded altar of an unknown god.
  1036 | D:2      | Noticed Terence
  1069 | D:2      | Slain by Terence

Illustrated notes

Levels and vault maps discovered:
D:1:      dpeg_arrival_round_b, layout_loops_ring,
          chequers_ecumenical_altar_simple_redux
D:2:      layout_basic, dk_noncrumbling_2, nicolae_figureground_sparkle,
          uniq_terence

Action                   || total
-------------------------++-------
Melee: Unarmed           ||    44
  Use: Potion            ||     4
 Stab: Distracted        ||     1
       Sleeping          ||     1
Armor: Leather armour    ||     7
       Robe              ||     1
Dodge: Dodged            ||    31

Table legend: (Time is in decaauts)
 A = Elapsed time spent in this place.
 B = Non-inter-level travel time spent in this place.
 C = Inter-level travel time spent in this place.
 D = Time resting spent in this place.
 E = Time spent auto-exploring this place.
 F = Levels seen in this place.
 G = Mean time per level.
                   A        B        C        D        E       F      G
               +--------+--------+--------+--------+--------+-----+--------+
         Total |   1066 |   1009 |     57 |      0 |    846 |   2 |  533.0 |
       Dungeon |   1066 |   1009 |     57 |      0 |    846 |   2 |  533.0 |
               +--------+--------+--------+--------+--------+-----+--------+

Top non-repeatable levels by time:
     D:1: 1020 daAuts
     D:2: 45 daAuts
